 Dungeon Sprint DCSS version 0.18-a0-1354-gbc5753f (webtiles) character file.

10 Kidiri the Sneak (level 2, -1/14 HPs)
             Began as a Spriggan Enchanter on Feb 19, 2016.
             Slain by a hippogriff (5 damage)
             ... in the Dungeon (Sprint II: "The Violet Keep of Menkaure").
             The game lasted 00:01:29 (429 turns).

Kidiri the Sneak (Spriggan Enchanter)                Turns: 429, Time: 00:01:30

Health: -1/14      AC:  3    Str:  4    XL:     2   Next: 10%
Magic:  1/7        EV: 19    Int: 16    God:
Gold:   243        SH:  0    Dex: 16    Spells: 2 memorised, 5 levels left

rFire  . . .     SeeInvis +     a - +1 dagger
rCold  . . .     Gourm    .     b - +1 robe
rNeg   . . .     Faith    .     (shield restricted)
rPois  .         Spirit   .     (helmet restricted)
rElec  .         Dismiss  .     (no cloak)
rCorr  .         Reflect  .     (gloves unavailable)
SustAt .         Harm     .     (boots unavailable)
MR     .....     NoTele   +     (no amulet)
Stlth  +++.......               (no ring)
                                (no ring)

@: very quick, not resistant to hostile enchantments, fairly stealthy
A: unfitting armour, see invisible, herbivore 3, speed 3, slow metabolism 2
a: no special abilities


You were in the Dungeon.
You were not hungry.

You visited 1 branch You collected 243 gold pieces.

Inventory:

Hand Weapons
 a - a +1 dagger (weapon)
Armour
 b - a +1 robe (worn)
Scrolls
 j - a scroll of blinking
Potions
 e - a potion of curing
 f - a potion of heal wounds
 g - a potion of haste
 h - 2 potions of magic
 i - a potion of berserk rage
Books
 c - a book of Maledictions

   Spells                             Type                      Level
   a - Corona                         Hexes                        1
   b - Ensorcelled Hibernation        Hexes/Ice                    2
   c - Confuse                        Hexes                        3
   d - Tukima's Dance                 Hexes                        3
   e - Dazzling Spray                 Conjuration/Hexes            3
Comestibles
 d - a bread ration


   Skills:
 + Level 0.7 Fighting
 * Level 2.1 Short Blades
 + Level 0.4 Armour
 * Level 3.9 Dodging
 * Level 5.1 Stealth
 * Level 3.6 Spellcasting
 + Level 3.9 Hexes
 + Level 0.0 Ice Magic


You had 5 spell levels left.
You knew the following spells:

 Your Spells              Type           Power        Failure   Level  Hunger
a - Corona                Hex            ###....      4%          1    None
b - Ensorcelled Hibernat  Hex/Ice        #.....       14%         2    ##.....


Dungeon Overview and Level Annotations

Branches:
Dungeon (1/1)

Altars:


Innate Abilities, Weirdness & Mutations

You are tiny and cannot use many weapons and most armour.
You have supernaturally acute eyesight.
You are an herbivore.
You cover ground extremely quickly.
You need consume almost no food.


Message History

The hippogriff completely misses you.
Unknown command.
Casting: Ensorcelled Hibernation
Confirm with . or Enter, or press ? or * to list all spells.
Aiming: Ensorcelled Hibernation
Press: ? - help, Shift-Dir - straight line, f/p - hippogriff
Aim: a hippogriff (chance to defeat MR: 40%)
The hippogriff looks drowsy...
The helpless hippogriff fails to defend itself.
You impale the hippogriff!!
The hippogriff is almost dead.
The hippogriff closely misses you. The hippogriff pecks you.
* * * LOW HITPOINT WARNING * * *
The hippogriff completely misses you.
Unknown command.
You open the door. The hippogriff misses you.
The hippogriff completely misses you. The hippogriff closely misses you.
The hippogriff barely misses you. The hippogriff misses you.
The hippogriff claws you.
You die...

§.§§§§. ..§§§
.§8§§ §§§ §§§
#≈≈#+++#+++##
≈≈≈.........#
##'## ##@#.#
#HH##.# #
##..### #H
##'# #.##.##
#'.<.+
#.##.## #.
#+# #


You could see an obsidian statue (unaware) and 2 hippogriffs.

Vanquished Creatures
  3 worms (D)
3 creatures vanquished.

Vanquished Creatures (others)
  A crocodile (D)
1 creature vanquished.

Grand Total: 4 creatures vanquished

Notes
Turn   | Place    | Note
--------------------------------------------------------------
     0 | D        | Kidiri the Spriggan Enchanter began the quest for the Orb.
     0 | D        | Reached XP level 1. HP: 9/9 MP: 5/5
    16 | D        | Noticed an obsidian statue
    19 | D        | Reached skill level 5 in Stealth
    19 | D        | Reached XP level 2. HP: 14/14 MP: 5/7
    26 | D        | Learned a level 2 spell: Ensorcelled Hibernation
    38 | D        | Killed a crocodile
    43 | D        | Noticed a hippogriff
    43 | D        | Noticed a hippogriff
   429 | D        | Slain by a hippogriff

Vault maps used:
D:        the_violet_keep_of_menkaure

Action                   || total
-------------------------++-------
Melee: Dagger            ||     6
 Cast: Ensorcelled Hiber ||     4
 Stab: Sleeping          ||     5
